 Dungeon Crawl Stone Soup version 0.24-a0-139-geb6712d (webtiles) character file.

Game seed: 4393023985113346739

4344 tilp the Cleaver (level 10, -9/70 HPs)
             Began as a Human Monk on Mar 2, 2019.
             Was a Priest of Ru.
             Mangled by a hornet (11 damage)
             ... on level 8 of the Dungeon.
             The game lasted 00:28:39 (10444 turns).

tilp the Cleaver (Human Monk)                      Turns: 10444, Time: 00:28:39

Health: -9/70      AC: 15    Str: 14    XL:     10   Next: 59%
Magic:  10/10      EV:  3    Int: 10    God:    Ru [***...]
Gold:   375        SH:  4    Dex: 17    Spells: 9/9 levels left

rFire    . . .     SeeInvis .   a - +0 war axe
rCold    . . .     Gourm    .   q - +0 buckler
rNeg     + + .     Faith    .   f - +1 plate armour of the Raven {rN++}
rPois    .         Spirit   .   k - +0 helmet (curse)
rElec    .         Reflect  .   n - +2 cloak
rCorr    .         Harm     .   (no gloves)
MR       .....                  (no boots)
Stlth    ..........             (no amulet)
HPRegen  0.21/turn              (no ring)
MPRegen  0.12/turn              (no ring)

@: lethally poisoned (-9 -> -13), slowed, invisible, very slow
A: no stealth, inability to use devices, hated by all
a: Draw Out Power, Renounce Religion


You were on level 8 of the Dungeon.
You worshipped Ru.
Ru was most pleased with you.
You were not hungry.

You visited 1 branch of the dungeon, and saw 8 of its levels.

You collected 440 gold pieces.
You spent 65 gold pieces at shops.

Inventory:

Hand Weapons
 a - a +0 war axe (weapon)
Missiles
 d - 269 stones
 h - a throwing net
 p - 17 javelins (quivered)
 s - 175 sling bullets
 v - 2 tomahawks
Armour
 f - the +1 plate armour of the Raven (worn) {rN++}
   (You found it on level 4 of the Dungeon)

   It greatly protects you from negative energy.
 k - a cursed +0 helmet (worn)
 m - a cursed +0 leather armour
 n - a +2 cloak (worn)
 q - a +0 buckler (worn)
Jewellery
 e - an uncursed ring of stealth {unknown}
 o - an uncursed ring of ice {unknown}
 y - an uncursed amulet of faith {unknown}
Scrolls
 b - 2 scrolls of fog {unknown}
 g - 3 scrolls of magic mapping
 j - a scroll of immolation
 l - 2 scrolls of remove curse {unknown}
 r - 2 scrolls of teleportation
 t - a scroll of enchant weapon {unknown}
Potions
 i - a potion of mutation {unknown}
 w - a potion of invisibility
 x - a potion of agility
 A - a potion of magic {unknown}
Comestibles
 c - 14 rations


   Skills:
 - Level 3.0 Fighting
 + Level 14.3 Axes
 - Level 3.0 Dodging


You had 9 spell levels left.
You didn't know any spells.
Your spell library contained the following spells:

 Spells                   Type           Power        Failure   Level  Hunger
 Magic Dart               Conj           #...         100%        1    ##.....
 Blink                    Tloc           N/A          100%        2    ###....
 Slow                     Hex            #.......     100%        2    ###....
 Conjure Flame            Conj/Fire      #.......     100%        3    ####...
 Mephitic Cloud           Conj/Pois/Air  #.......     100%        3    ####...
 Call Imp                 Summ           Unusable     N/A         2    N/A

Dungeon Overview and Level Annotations

Branches:
Dungeon (8/15)             Temple (0/1) D:5
   Lair: D:8-11

Altars:
Ashenzari
Dithmenos
Elyvilon
Gozag
Kikubaaqudgha
Qazlal
Ru
Sif Muna
Xom
The Shining One

Shops:
D:4 *

Annotations:
D:3 1 runed translucent door, Crazy Yiuf, Sigmund
D:4 1 runed translucent door, XanderDroid's ghost, amateur MiBe
D:6 exclusion: 2 doors


Innate Abilities, Weirdness & Mutations

You cannot be stealthy.
You cannot study or use magical devices.
You are hated by all.


Message History

You are more poisoned.
You feel as though you will be slow longer.
The hornet barely misses you.
You can move again.
You feel better. The hornet barely misses you. You block the hornet's attack.
The hornet stings you but does no damage.
The hornet stings you.
* * * LOW HITPOINT WARNING * * *
You are poisoned.
You feel as though you will be slow longer.
The hornet stings you.
* * * LOW HITPOINT WARNING * * *
You feel as though you will be slow longer.
Unknown command.
Unknown command.
It was a potion of invisibility.
You fade into invisibility!
* * * LOW HITPOINT WARNING * * *
You feel sick. The hornet barely misses you. The hornet stings you!
You die...

#...#
##..# ##
#..# #.#
##..#
##.#.#.##
#.#.##.#
#w#.#.#
###y###.#
#..@....#
###.y..##
######
### #..
#.. #..
###


You could see 2 hornets and a worm.

Vanquished Creatures
  Harold (D:7)
  Joseph (D:8)
  A hippogriff (D:8)
  A yak (D:6)
  A hungry ghost (D:8)
  Duvessa (D:7)
  A water moccasin (D:7)
  An orc warrior (D:7)
  Purgy (D:4)
  2 sky beasts
  A phantom (D:4)
  2 centaurs
  5 ogres
  A big kobold (D:8)
  5 bullfrogs
  A gnoll sergeant (D:6)
  A scorpion (D:7)
  Dowan (D:7)
  A howler monkey (D:4)
  5 crimson imps
  3 orc priests
  5 hounds
  A bullfrog skeleton (D:7)
  2 centaur skeletons
  A jelly (D:5)
  Ijyb (D:4)
  Natasha (D:4)
  An iguana (D:7)
  2 worker ants
  4 orc wizards
  A hound zombie (D:8)
  A hound skeleton (D:5)
  14 adders
  13 gnolls
  A shadow imp (D:6)
  3 oozes
  3 adder skeletons
  3 adder zombies
  3 worms
  3 dart slugs (D:1)
  6 leopard geckos
  28 orcs
  3 bat skeletons (D:7)
  3 bat zombies (D:7)
  9 giant cockroaches
  7 goblins
  2 hobgoblins
  9 jackals
  3 quokkas
  A ball python (D:1)
  7 bats
  9 frilled lizards
  13 kobolds
  A leopard gecko skeleton (D:4)
  A leopard gecko zombie (D:6)
  8 rats
210 creatures vanquished.

Vanquished Creatures (others)
  A hornet (D:8)
  A hippogriff (D:7)
2 creatures vanquished.

Grand Total: 212 creatures vanquished

Notes
Turn   | Place    | Note
-------+----------+-------------------------------------------
     0 | D:1      | tilp the Human Monk began the quest for the Orb.
     0 | D:1      | Reached XP level 1. HP: 18/18 MP: 1/1
   168 | D:1      | Reached XP level 2. HP: 21/24 MP: 2/2
   279 | D:1      | Reached skill level 4 in Axes
   279 | D:1      | Reached XP level 3. HP: 22/29 MP: 3/3
  1116 | D:2      | Reached XP level 4. HP: 20/35 MP: 4/4
  1476 | D:2      | Reached skill level 5 in Axes
  1905 | D:2      | Reached XP level 5. HP: 26/41 MP: 5/5
  2608 | D:2      | Found a sacrificial altar of Ru.
  2621 | D:2      | Became a worshipper of Ru the Awakened
  2644 | D:2      | Gained mutation: You cannot be stealthy. [Ru sacrifice]
  2952 | D:3      | Noticed Sigmund
  3008 | D:2      | Reached skill level 6 in Axes
  3188 | D:3      | Found a runed translucent door.
  3189 | D:3      | Noticed Crazy Yiuf
  3322 | D:3      | Reached XP level 6. HP: 32/47 MP: 6/6
  4214 | D:4      | Noticed a phantom
  4240 | D:4      | Found a runed translucent door.
  4264 | D:4      | Noticed an ogre
  4278 | D:4      | Killed an ogre
  4278 | D:4      | Reached skill level 7 in Axes
  4298 | D:4      | Killed a phantom
  4298 | D:4      | Reached XP level 7. HP: 26/52 MP: 7/7
  4658 | D:4      | Noticed XanderDroid's ghost (amateur MiBe)
  4715 | D:4      | Got a tiger eye-encrusted plate armour
  4788 | D:4      | Reached skill level 8 in Axes
  4808 | D:4      | Found Qeku Pimm's General Store.
  4811 | D:4      | Bought a scroll of identify for 26 gold pieces
  4811 | D:4      | Bought a scroll of teleportation for 39 gold pieces
  4811 | D:4      | Identified the +1 plate armour of the Raven {rN++} (You
                  | found it on level 4 of the Dungeon)
  4924 | D:4      | Noticed Purgy
  4951 | D:4      | Killed Purgy
  4995 | D:4      | Noticed Natasha
  5005 | D:4      | Killed Natasha
  5143 | D:4      | Reached skill level 9 in Axes
  5143 | D:4      | Reached XP level 8. HP: 20/58 MP: 8/8
  5350 | D:4      | Noticed Ijyb
  5404 | D:4      | Killed Ijyb
  5490 | D:5      | Entered Level 5 of the Dungeon
  5843 | D:4      | Gained mutation: You cannot study or use magical devices.
                  | [Ru sacrifice]
  5843 | D:4      | Reached * piety under Ru
  5843 | D:4      | Reached ** piety under Ru
  5843 | D:4      | Reached *** piety under Ru
  5923 | D:5      | Reached skill level 10 in Axes
  5987 | D:5      | Found a staircase to the Ecumenical Temple.
  6251 | D:5      | Found a stormy altar of Qazlal.
  6257 | D:5      | Found an opulent altar of Gozag.
  6262 | D:5      | Found a shadowy altar of Dithmenos.
  6561 | D:6      | Found a shimmering altar of Xom.
  6662 | D:6      | Reached XP level 9. HP: 60/63 MP: 9/9
  6814 | D:6      | Found a white marble altar of Elyvilon.
  6815 | D:6      | Found a glowing golden altar of the Shining One.
  6925 | D:6      | Reached skill level 11 in Axes
  7105 | D:6      | Found a shattered altar of Ashenzari.
  7105 | D:6      | Found a deep blue altar of Sif Muna.
  7563 | D:7      | Reached skill level 12 in Axes
  7584 | D:7      | Noticed a hippogriff
  7585 | D:7      | Noticed Dowan
  7587 | D:7      | Noticed Duvessa
  7604 | D:7      | Killed a hippogriff
  7611 | D:7      | Killed Dowan
  8076 | D:7      | Gained mutation: You are hated by all. [Ru sacrifice]
  8101 | D:7      | Found an ancient bone altar of Kikubaaqudgha.
  8128 | D:7      | Noticed Harold
  8152 | D:7      | Killed Duvessa
  8694 | D:7      | Killed Harold
  8694 | D:7      | Reached skill level 13 in Axes
  8694 | D:7      | Reached XP level 10. HP: 42/70 MP: 10/10
  9243 | D:8      | Noticed Joseph
  9291 | D:8      | Killed Joseph
  9291 | D:8      | Reached skill level 14 in Axes
  9463 | D:8      | Noticed a two-headed ogre
  9533 | D:8      | Paralysed by a hornet for 3 turns
 10437 | D:8      | Paralysed by a hornet for 1 turns
 10440 | D:8      | Paralysed by a hornet for 3 turns
 10443 | D:8      | HP: 3/70 [hornet (6)]
 10444 | D:8      | Mangled by a hornet

Levels and vault maps discovered:
D:1:      minmay_arrival_glassed_features, layout_basic, grunt_decor_cap,
          minivault_14, minmay_misc_feat_encased
D:2:      layout_loops_ring, first_ration, nicolae_ru_awakened_eye
D:3:      layout_rooms, uniq_crazy_yiuf_cottage, uniq_sigmund
D:4:      minmay_wonky_spiral, layout_basic, ebering_ghost_reflecting_pool,
          serial_shops, kennysheep_mini, minmay_close_crescents, uniq_natasha,
          uniq_ijyb, uniq_purgy
D:5:      layout_rooms, minitemple, minmay_temple_entry_offerings
D:6:      cheibrodos_two_vegetables, layout_loops_ring,
          gammafunk_temple_overflow_elements, gammafunk_temple_overflow_pools,
          nicolae_overflow_hidden_temple
D:7:      layout_cave_pools, kennysheep_vampire_church, uniq_duvessa,
          uniq_harold
D:8:      layout_basic, hangedman_pestilent_swarm, uniq_joseph

Skill      XL: |  1  2  3  4  5  6  7  8  9 10 |
---------------+-------------------------------+-----
Axes           | 4 5 6 7 9 10 13 14 | 14.3
Stealth        | 0 |  0.0
Fighting       | |  3.0
Dodging        | |  3.0

Action                   |  1- 3 |  4- 6 |  7- 9 | 10-12 || total
-------------------------+-------+-------+-------+-------++-------
Melee: Hand axe          |   115 |   268 |   158 |       ||   541
       War axe           |       |       |   425 |   189 ||   614
       Unarmed           |       |       |    14 |       ||    14
Throw: Javelin           |     2 |    18 |     7 |       ||    27
       Stone             |     1 |     7 |       |       ||     8
Invok: Sacrifice Stealth |       |     1 |       |       ||     1
       Sacrifice Artific |       |       |     1 |       ||     1
       Draw Out Power    |       |       |     1 |     1 ||     2
       Sacrifice Love    |       |       |     1 |       ||     1
  Use: Scroll            |       |     3 |     6 |     1 ||    10
       Potion            |       |     4 |     2 |     2 ||     8
 Stab: Sleeping          |     2 |       |       |       ||     2
       Distracted        |       |       |     2 |       ||     2
       Invisible         |       |       |     1 |     4 ||     5
  Eat: Chunk             |       |    11 |    13 |     6 ||    30
       Ration            |       |       |     1 |       ||     1
Armor: Leather armour    |    29 |    71 |       |       ||   100
       Robe              |     2 |       |       |       ||     2
       Plate armour      |       |       |   347 |   114 ||   461
       Ring mail         |       |       |     5 |       ||     5
       Skin              |       |       |    48 |       ||    48
Dodge: Dodged            |    77 |   190 |    88 |    27 ||   382
Block: Buckler           |       |    37 |    93 |    28 ||   158

Table legend:
 A = Non-vault XP
 B = Vault XP
 C = Vault XP percentage of total XP
 D = Non-vault monster count
 E = Vault monster count
 F = Vault count percentage of total count
                 A         B        C        D         E       F
            +---------+---------+-------+---------+---------+-------
      Total |    4208 |    1998 |  32.2 |     191 |      20 |   9.5
            +---------+---------+-------+---------+---------+-------
        D:1 |      60 |       0 |   0.0 |      34 |       0 |   0.0
        D:2 |     192 |       0 |   0.0 |      27 |       0 |   0.0
        D:3 |     102 |       0 |   0.0 |      21 |       0 |   0.0
        D:4 |     471 |     364 |  43.6 |      20 |       7 |  25.9
        D:5 |     622 |       0 |   0.0 |      35 |       0 |   0.0
        D:6 |     520 |     204 |  28.2 |      15 |       3 |  16.7
        D:7 |    1238 |     991 |  44.5 |      19 |       9 |  32.1
        D:8 |    1003 |     439 |  30.4 |      20 |       1 |   4.8
            +---------+---------+-------+---------+---------+-------
